 Dungeon Crawl Stone Soup version 0.31.0-9-g3a7656b989 (webtiles) character file.

Game seed: 13329577666198468500

1231 qw the Skirmisher (level 8, 0/44 HPs)
             Began as a Deep Elf Hunter on Feb 2, 2024.
             Was a Believer of Okawaru.
             Slain by Edmund
             ... wielding a +3 flail of protection
              (2 damage)
             ... on level 6 of the Dungeon.
             The game lasted 00:00:18 (4421 turns).

qw the Skirmisher (Deep Elf Hunter)                 Turns: 4421, Time: 00:00:19

Health: 0/44       AC:  0    Str: 10    XL:     8   Next: 24%
Magic:  13/13      EV: 17    Int: 15    God:    Okawaru [**....]
Gold:   167        SH:  0    Dex: 18    Spells: 7/7 levels left

rFire   . . .        k - melded +9 sling of Gyito {heavy, rC- rCorr Int+8 Dex+4}
rCold   . . .        (shield currently unavailable)
rNeg    . . .        g - melded +0 ring mail
rPois   .            (helmet currently unavailable)
rElec   .            (cloak currently unavailable)
rCorr   .            (gloves currently unavailable)
SInv    .            a - melded +1 pair of boots {Stlth+}
Will    .....        (no amulet)
Stlth   ++           f - melded +6 ring of dexterity
HPRegen 0.27/turn    (ring currently unavailable)
MPRegen 0.13/turn

%: no passive effects
@: about to teleport, pig-form (expiring), very quick
A: fast, no casting, small
a: Renounce Religion, Heroism


You were on level 6 of the Dungeon.
You worshipped Okawaru.
Okawaru was pleased with you.
You were a filthy swine.
You visited 2 branches of the dungeon, and saw 7 of its levels.

You collected 293 gold pieces.
You spent 126 gold pieces at shops.


   Skills:
 - Level 2.2 Fighting
 + Level 11.3 Ranged Weapons
 - Level 1.4 Armour
 - Level 5.0 Dodging
 - Level 1.2 Stealth
 - Level 4.0 Invocations


You had 7 spell levels left.
You didn't know any spells.
Your spell library was empty.

Inventory:

Hand Weapons
 k - the +9 sling of Gyito (melded) {heavy, rC- rCorr Int+8 Dex+4}
   (You found it on level 3 of the Dungeon)

   Int+8:     It affects your intelligence (+8).
   Dex+4:     It affects your dexterity (+4).
   rC-:       It makes you vulnerable to cold.
   rCorr:     It protects you from acid and corrosion.
Armour
 a - a +1 pair of boots of stealth (melded)
 d - the +5 ring mail of the Carpenter {rC+ Str+2 Dex-4 SInv}
   (You found it on level 6 of the Dungeon)

   Str+2:     It affects your strength (+2).
   Dex-4:     It affects your dexterity (-4).
   rC+:       It protects you from cold.
   SInv:      It lets you see invisible.
 g - a +0 ring mail (melded)
Jewellery
 b - an amulet of guardian spirit
 f - a +6 ring of dexterity (melded)
Wands
 n - a wand of polymorph (5)
Scrolls
 e - 4 scrolls of teleportation
Potions
 c - 3 potions of curing
 h - a potion of heal wounds {unknown}
 i - a potion of haste {unknown}

Dungeon Overview and Level Annotations

Branches:
Dungeon (6/15)             Temple (1/1) D:4

Altars:
Ashenzari
Cheibriados
Dithmenos
Elyvilon
Fedhas
Gozag
Hepliaklqana
Kikubaaqudgha
Makhleb
Nemelex Xobeh
Okawaru
Ru
Sif Muna
Trog
Uskayaw
Vehumet
Wu Jian
Xom
Zin
The Shining One

Shops:
D:2 =   D:4 [

Annotations:
D:3 1 runed translucent door, qw's ghost, amateur DEHu
D:6 Edmund


Message History

Things that are here:
a +0 whip of venom; an orc corpse
4404 ||| FLEEEEING.
4405 ||| FLEEEEING.
Things that are here:
a +0 whip of venom; an orc corpse
4406 ||| FLEEEEING.
Edmund hits you with a +3 flail of protection!
4407 ||| FLEEEEING.
Things that are here:
a +0 whip of venom; an orc corpse
4408 ||| FLEEEEING.
Edmund hits you with a +3 flail of protection.
4409 ||| FLEEEEING.
4410 ||| FLEEEEING.
4411 ||| FLEEEEING.
4412 ||| FLEEEEING.
4413 ||| FLEEEEING.
Edmund misses you.
4414 ||| FLEEEEING.
An ufetubus comes into view.
Edmund hits you with a +3 flail of protection!
4415 ||| FLEEEEING.
4416 ||| FLEEEEING.
Edmund closely misses you.
4417 ||| FLEEEEING.
Your transformation is almost over.
Edmund hits you with a +3 flail of protection!
4418 ||| READING 5 scrolls of teleportation.
As you read the scroll of teleportation, it crumbles to dust.
You feel strangely unstable.
Edmund hits you with a +3 flail of protection.
4419 ||| FLEEEEING.
Edmund misses you.
4420 ||| FLEEEEING.
4421 ||| FLEEEEING.
The ufetubus barely misses you. The ufetubus hits you.
Edmund hits you with a +3 flail of protection.
You die...
Edmund says, "That'll show my brother!"

#........)..)).)..
#.#.#............. #.).#
###.#....## #...#
#.#....# #).## # #....#
#######).###.# #.#....#
#.?..........# #.#....##
#.#####..##### #........
.#####h@#### ####.....)
......5.....# #.....#.##
#.#####.#......[........
...#...###.#####.##
######.## #......# #.#
#.#.###... #.#
#.#.####.# #.##
.....##.# #..# #.#.##.#


You could see Edmund and an ufetubus.

Vanquished Creatures
  2 water moccasins (D:6)
  An ogre (D:6)
  3 phantoms
  2 scorpions (D:5)
  2 bombardier beetles
  A crimson imp (D:4)
  A hound (D:6)
  An orc priest (D:6)
  3 sleepcaps
  An iguana (D:6)
  4 orc wizards (D:6)
  9 gnolls
  4 adders
  4 dart slugs
  3 ribbon worms
  17 orcs
  5 endoplasms
  A giant cockroach (D:4)
  5 goblins
  4 hobgoblins
  4 jackals (D:1)
  6 kobolds
  3 quokkas
  6 ball pythons
  3 bats
  A frilled lizard (D:2)
  5 rats
101 creatures vanquished.

Notes
Turn   | Place    | Note
-------+----------+-------------------------------------------
     0 | D:1      | qw the Deep Elf Hunter began the quest for the Orb.
     0 | D:1      | Reached XP level 1. HP: 12/12 MP: 3/3
     0 | D:1      | 0 ||| qw: Version: 0.3-a-155-g5e7d8dd
     0 | D:1      | 0 ||| qw: Game counter: 947
     0 | D:1      | 0 ||| qw: Melee chars always use a shield: true
     0 | D:1      | 0 ||| qw: God list: Okawaru
     0 | D:1      | 0 ||| qw: Allow faded altars: false
     0 | D:1      | 0 ||| qw: Do Orc after clearing Dungeon:15 true
     0 | D:1      | 0 ||| qw: Do second Lair branch before Depths: true
     0 | D:1      | 0 ||| qw: Lair rune preference: random
     0 | D:1      | 0 ||| qw: Goals: Normal
     0 | D:1      | 0 ||| PLANNING D:1-11
   239 | D:1      | Found a faded altar of an unknown god.
   386 | D:1      | Reached XP level 2. HP: 14/16 MP: 4/4
   391 | D:1      | Reached skill level 6 in Ranged Weapons
   582 | D:1      | 582 ||| UPGRADING to +0 ring mail.
   592 | D:1      | 592 ||| DROPPING +0 leather armour.
   593 | D:1      | 593 ||| DROPPING ring of magical power.
   594 | D:1      | 594 ||| READING 2 scrolls labelled UHUEDO ZURI.
   599 | D:1      | 599 ||| READING scroll labelled VORID YTHRELAN.
   600 | D:1      | 600 ||| READING scroll labelled TOFUCZ CALUGI.
   601 | D:1      | 601 ||| DROPPING scroll of butterflies.
   839 | D:2      | Reached XP level 3. HP: 20/20 MP: 5/5
   996 | D:2      | Found Pijum's Jewellery Shop.
  1005 | D:2      | 1005 ||| SHOPLISTING +4 ring of protection (396 gold, have
                  | 100).
  1005 | D:2      | 1005 ||| SHOPLISTING amulet of regeneration (330 gold, have
                  | 100).
  1005 | D:2      | 1005 ||| SHOPLISTING amulet of the acrobat (330 gold, have
                  | 100).
  1005 | D:2      | 1005 ||| SHOPLISTING ring of fire (275 gold, have 100).
  1005 | D:2      | 1005 ||| SHOPLISTING ring of poison resistance (220 gold,
                  | have 100).
  1005 | D:2      | 1005 ||| SHOPLISTING ring of protection from cold (275
                  | gold, have 100).
  1005 | D:2      | 1005 ||| SHOPLISTING ring of protection from fire (275
                  | gold, have 100).
  1130 | D:2      | Reached skill level 7 in Ranged Weapons
  1229 | D:2      | 1229 ||| UPGRADING to +6 ring of dexterity.
  1230 | D:2      | 1230 ||| READING scroll labelled QYPEIL ISOTUA.
  1551 | D:3      | Found a runed translucent door.
  1553 | D:3      | Noticed qw's ghost (amateur DEHu)
  1756 | D:3      | Identified the +9 sling of Gyito {heavy, rC- rCorr Int+8
                  | Dex+4}
  1758 | D:3      | 1758 ||| SWAPPING to +9 sling of Gyito {heavy, rC- rCorr
                  | Int+8 Dex+4}.
  1759 | D:3      | 1759 ||| DROPPING +0 shortbow.
  1775 | D:3      | 1775 ||| FLEEEEING.
  1949 | D:3      | Reached XP level 4. HP: 25/25 MP: 6/6
  2177 | D:3      | 2177 ||| READING scroll labelled OJECKUETURCH.
  2178 | D:3      | 2178 ||| READING scroll labelled HANWAJUMYO.
  2178 | D:3      | 2178 ||| IDENTIFYING sedimented blue potion
  2230 | D:4      | Found Unwus's Armour Emporium.
  2239 | D:4      | 2239 ||| BUYING +0 pair of boots of stealth (126 gold).
  2239 | D:4      | Bought a +0 pair of boots of stealth for 126 gold pieces
  2239 | D:4      | 2239 ||| SHOPLISTING +1 pair of boots (126 gold, have 42).
  2239 | D:4      | 2239 ||| SHOPLISTING +1 ring mail of positive energy (143
                  | gold, have 42).
  2416 | D:4      | Found a glowing golden altar of the Shining One.
  2420 | D:4      | Found a broken altar of Ashenzari.
  2523 | D:4      | Found a blossoming altar of Fedhas.
  2774 | D:4      | Found a shimmering altar of Xom.
  2774 | D:4      | Found a burning altar of Makhleb.
  2779 | D:4      | Reached skill level 3 in Dodging
  2884 | D:4      | Noticed a phantom
  2886 | D:4      | Killed a phantom
  2887 | D:4      | Reached skill level 8 in Ranged Weapons
  2887 | D:4      | Reached XP level 5. HP: 29/29 MP: 7/7
  2901 | D:4      | Found a staircase to the Ecumenical Temple.
  2902 | D:4      | 2902 ||| PLANNING TEMPLE
  2902 | D:4      | 2902 ||| UPGRADING to +0 pair of boots of stealth.
  2907 | D:4      | 2907 ||| READING scroll of identify.
  2907 | D:4      | 2907 ||| IDENTIFYING yellow potion
  2908 | D:4      | 2908 ||| DROPPING potion of ambrosia.
  2919 | Temple   | Entered the Ecumenical Temple
  2920 | Temple   | 2920 ||| PLANNING OKAWARU WORSHIP
  2925 | Temple   | Became a worshipper of Warmaster Okawaru
  2926 | Temple   | 2926 ||| PLANNING D:1-11
  3003 | D:4      | Reached skill level 9 in Ranged Weapons
  3003 | D:4      | Reached XP level 6. HP: 34/34 MP: 8/8
  3173 | D:4      | 3173 ||| READING scroll labelled AXTOVABUPT.
  3294 | D:5      | Entered Level 5 of the Dungeon
  3620 | D:5      | Reached * piety under Okawaru
  3631 | D:5      | Reached skill level 1 in Invocations
  3650 | D:5      | Reached XP level 7. HP: 40/40 MP: 8/10
  3832 | D:5      | Reached skill level 10 in Ranged Weapons
  3955 | D:5      | 3955 ||| READING scroll of identify.
  3955 | D:5      | 3955 ||| IDENTIFYING black potion
  3956 | D:5      | 3956 ||| READING scroll labelled EGAEKHEOCI.
  3957 | D:5      | 3957 ||| READING scroll labelled SOS AFIECSAMAQ.
  3957 | D:5      | 3957 ||| ENCHANTING +0 pair of boots of stealth.
  3958 | D:5      | 3958 ||| READING 2 scrolls labelled UMIAFEN ASI.
  3959 | D:5      | 3959 ||| DROPPING potion of brilliance.
  3960 | D:5      | 3960 ||| DROPPING scroll of blinking.
  3962 | D:5      | 3962 ||| Stepping ~*~*~tactically~*~*~ (cloud).
  4129 | D:6      | Reached skill level 1 in Armour
  4129 | D:6      | Reached skill level 3 in Invocations
  4143 | D:6      | Reached ** piety under Okawaru
  4223 | D:6      | Reached XP level 8. HP: 44/44 MP: 13/13
  4231 | D:6      | Reached skill level 11 in Ranged Weapons
  4317 | D:6      | Identified the +5 ring mail of the Carpenter {rC+ Str+2
                  | Dex-4 SInv}
  4370 | D:6      | Found a bloodstained altar of Trog.
  4399 | D:6      | Noticed Edmund
  4402 | D:6      | 4402 ||| FLEEEEING.
  4403 | D:6      | 4403 ||| FLEEEEING.
  4404 | D:6      | 4404 ||| FLEEEEING.
  4405 | D:6      | 4405 ||| FLEEEEING.
  4406 | D:6      | 4406 ||| FLEEEEING.
  4407 | D:6      | 4407 ||| FLEEEEING.
  4408 | D:6      | 4408 ||| FLEEEEING.
  4409 | D:6      | 4409 ||| FLEEEEING.
  4410 | D:6      | 4410 ||| FLEEEEING.
  4411 | D:6      | 4411 ||| FLEEEEING.
  4412 | D:6      | 4412 ||| FLEEEEING.
  4413 | D:6      | 4413 ||| FLEEEEING.
  4414 | D:6      | 4414 ||| FLEEEEING.
  4415 | D:6      | 4415 ||| FLEEEEING.
  4416 | D:6      | 4416 ||| FLEEEEING.
  4417 | D:6      | 4417 ||| FLEEEEING.
  4417 | D:6      | HP: 11/44 [Edmund/+3 flail of protection (11)]
  4418 | D:6      | 4418 ||| READING 5 scrolls of teleportation.
  4419 | D:6      | 4419 ||| FLEEEEING.
  4420 | D:6      | 4420 ||| FLEEEEING.
  4421 | D:6      | 4421 ||| FLEEEEING.
  4421 | D:6      | HP: 2/44 [ufetubus (5)]
  4421 | D:6      | Slain by Edmund

Levels and vault maps discovered:
D:1:      dpeg_arrival_three_bigger_balls, layout_basic,
          hellmonk_ecumenical_altar_pennies_from_heaven
D:2:      layout_loops_ring, serial_shops, shop
D:3:      layout_loops_corners, ebering_ghost_inner_flame
D:4:      layout_loops_corners, fedhas_altar_4,
          grunt_temple_overflow_champion_of_chaos,
          mainiacjoe_overflow_catwalk_spiral, minmay_temple_entry_ruins,
          serial_shops, nicolae_shop_tiny_statue_garden
D:5:      layout_basic
D:6:      layout_loops_cross, lightli_temple_of_fire, uniq_edmund
Temple:   eino_narrow_crystal_temple

Skill      XL: |  1  2  3  4  5  6  7  8 |
---------------+-------------------------+-----
Ranged Weapons | 6 7 8 9 10 11 | 11.3
Dodging        | 3 4 5 |  5.0
Fighting       | 2 |  2.2
Invocations    | 1 4 |  4.0
Armour         | 1 |  1.4
Stealth        | |  1.2

Action                     |  1- 3 |  4- 6 |  7- 9 || total
---------------------------+-------+-------+-------++-------
   Fire: Shortbow          |   122 |       |       ||   122
         Sling             |     6 |    49 |    61 ||   116
    Use: Scroll            |     4 |     4 |     5 ||    13
 Armour: Leather armour    |    10 |       |       ||    10
         Ring mail         |    19 |     7 |     7 ||    33
         Skin              |       |       |     7 ||     7
  Dodge: Dodged            |    39 |     5 |     9 ||    53

Table legend:
 A = Non-vault XP
 B = Vault XP
 C = Vault XP percentage of total XP
 D = Non-vault monster count
 E = Vault monster count
 F = Vault count percentage of total count
                 A         B        C        D         E       F
            +---------+---------+-------+---------+---------+-------
      Total |    1711 |      48 |   2.7 |     100 |       1 |   1.0
            +---------+---------+-------+---------+---------+-------
        D:1 |      20 |       0 |   0.0 |      12 |       0 |   0.0
        D:2 |      48 |       0 |   0.0 |      18 |       0 |   0.0
        D:3 |      30 |       0 |   0.0 |      15 |       0 |   0.0
        D:4 |     247 |      48 |  16.3 |      14 |       1 |   6.7
        D:5 |     518 |       0 |   0.0 |      13 |       0 |   0.0
        D:6 |     848 |       0 |   0.0 |      28 |       0 |   0.0
            +---------+---------+-------+---------+---------+-------
